 Dungeon Crawl Stone Soup version 0.21.1-1-g345015f (webtiles) character file.

140 Monsterracer the Bolt Thrower (level 5, -3/26 HPs)
             Began as a Spriggan Hunter on Feb 16, 2018.
             Killed from afar by an orc wizard (13 damage)
             ... with a puff of flame
             ... on level 3 of the Dungeon.
             The game lasted 00:08:06 (3550 turns).

Monsterracer the Bolt Thrower (Spriggan Hunter)     Turns: 3550, Time: 00:08:06

Health: -3/26      AC:  2    Str:  9    XL:     5   Next: 2%
Magic:  6/6        EV: 19    Int: 13    God:
Gold:   93         SH:  0    Dex: 16    Spells: 4/4 levels left

rFire    . . .     SeeInvis +   a - +1 hand crossbow
rCold    . . .     Gourm    .   (shield restricted)
rNeg     . . .     Faith    .   f - +0 robe
rPois    .         Spirit   .   (helmet restricted)
rElec    .         Reflect  .   (no cloak)
rCorr    .         Harm     .   (gloves unavailable)
MR       .....                  (boots unavailable)
Stlth    +++.......             (no amulet)
HPRegen  0.08/turn              (no ring)
MPRegen  0.10/turn              (no ring)

@: very quick
A: very small, unfitting armour, see invisible, herbivore, speed 3, slow
metabolism 2
a: no special abilities


You were on level 3 of the Dungeon.
You were not hungry.

You visited 1 branch of the dungeon, and saw 3 of its levels.

You collected 93 gold pieces.

Inventory:

Hand Weapons
 a - a +1 hand crossbow (weapon)
 b - a +0 short sword
 w - a +0 dagger
Missiles
 d - 13 bolts (quivered)
Armour
 f - a +0 robe (worn)
Scrolls
 e - a scroll of teleportation
 g - a scroll of identify
Potions
 h - a potion of curing
 i - a potion of brilliance
Comestibles
 c - a ration


   Skills:
 + Level 2.1 Fighting
 * Level 3.0 Short Blades
 + Level 4.2 Crossbows
 + Level 4.2 Dodging
 + Level 3.4 Stealth


You had 4 spell levels left.
You didn't know any spells.

Dungeon Overview and Level Annotations

Branches:
Dungeon (3/15)

Altars:

Annotations:
D:3 Ijyb


Innate Abilities, Weirdness & Mutations

You are very small and have problems with some larger weapons.
You are too small for most types of armour.
You have supernaturally acute eyesight. (SInv)
You are a herbivore.
You cover ground extremely quickly.
You need consume almost no food.


Message History

You hit the orc but do no damage.
The orc is severely wounded.
The orc misses you.
You hit the orc but do no damage.
The orc is severely wounded.
You hit the orc but do no damage.
The orc is severely wounded.
The orc closely misses you.
You hit the orc.
You kill the orc!
Your Short Blades skill increases to level 3!
Items here: ( )) [ a club; a chain mail; 18 stones; an uncursed hunting sling You see here a stone.
Things that are here:
a hunting sling; a stone You see here a stone.
There is a stone staircase leading down here.
You start resting.
A leopard gecko comes into view.
You are feeling hungry.
The leopard gecko closely misses you.
You hit the leopard gecko.
The leopard gecko is severely wounded.
The leopard gecko bites you.
You take 2 damage, and have 12/23 hp.
You hit the leopard gecko.
The leopard gecko is almost dead.
The leopard gecko barely misses you.
You hit the leopard gecko.
You kill the leopard gecko!
You have reached level 5!
You feel clever.
You regained 2 hp, and now have 14/26 hp.
MP restored: 6 You eat one of the 2 rations.
That ration really hit the spot!
There is a stone staircase leading down here.
You start resting.
HP restored.
Health restored: 26 You climb downwards.
Level annotation: Ijyb
There is a stone staircase leading up here.
h - a coppery potion The orc is too close now for your liking.
You see here a scroll of identify.
As you read the scroll of identify, it crumbles to dust.
h - a potion of curing The hobgoblin shouts!
There is a stone staircase leading up here.
You hit the hobgoblin.
The hobgoblin is moderately wounded.
The hobgoblin closely misses you.
You hit the hobgoblin.
You kill the hobgoblin!
The orc wizard mumbles some strange words.
The orc wizard seems to speed up.
a - a +1 hand crossbow (weapon)
The orc wizard points at you and mumbles some strange words.
The puff of flame misses you.
Firing (i - inventory):
d - 18 bolts (quivered)
Press: ? - help, Shift-Dir - straight line, f - orc wizard
Aim: an orc wizard, wielding a dagger and wearing a robe (fast)
You shoot a bolt. The bolt hits the orc wizard!
The orc wizard is heavily wounded.
Firing (i - inventory):
d - 17 bolts (quivered)
Press: ? - help, Shift-Dir - straight line, f/p - orc wizard
Aim: an orc wizard, wielding a dagger and wearing a robe (heavily wounded, fast)
You shoot a bolt. The bolt barely misses the orc wizard.
Firing (i - inventory):
d - 16 bolts (quivered)
Press: ? - help, Shift-Dir - straight line, f/p - orc wizard
Aim: an orc wizard, wielding a dagger and wearing a robe (heavily wounded, fast)
You shoot a bolt. The bolt barely misses the orc wizard.
The orc wizard gestures at you while chanting.
The puff of flame hits you! The orc wizard misses you.
You take 9 damage, and have 17/26 hp.
MASSIVE DAMAGE!!
Firing (i - inventory):
d - 15 bolts (quivered)
Press: ? - help, Shift-Dir - straight line, f/p - orc wizard
Aim: an orc wizard, wielding a dagger and wearing a robe (heavily wounded, fast)
You shoot a bolt.
The bolt hits the orc wizard but does no damage.
The orc wizard is heavily wounded.
The orc wizard points at you and mumbles some strange words.
The puff of frost misses you. The orc wizard barely misses you.
Firing (i - inventory):
d - 14 bolts (quivered)
Press: ? - help, Shift-Dir - straight line, f/p - orc wizard
Aim: an orc wizard, wielding a dagger and wearing a robe (heavily wounded, fast)
You shoot a bolt. The bolt hits the orc wizard.
The orc wizard is heavily wounded.
The orc wizard casts a spell at you. The puff of frost hits you!
* * * LOW HITPOINT WARNING * * *
The orc wizard completely misses you.
You take 8 damage, and have 10/26 hp.
MASSIVE DAMAGE!!
A hobgoblin comes into view.
The hobgoblin shouts!
The orc wizard points at you and mumbles some strange words.
The puff of flame hits you!
Ouch! That really hurt!
You die...

#g..# #...#
#...# ###(..##
#......#
####(##.#.#
##.<(...(#.#
####o#.#..#.#.#
#.@.###...#....
#.##.# #......#
#. #.###...###
#. ## ##.# #.
.# #. # #. #g


You could see an orc wizard and a hobgoblin.

Vanquished Creatures
  A howler monkey (D:2)
  Robin (D:2)
  2 adders (D:2)
  2 oozes (D:1)
  3 leopard geckos
  An orc (D:2)
  3 bats (D:2)
  3 giant cockroaches
  15 goblins
  2 hobgoblins
  9 jackals
  A frilled lizard (D:1)
  5 kobolds
  7 rats
55 creatures vanquished.

Notes
Turn   | Place    | Note
-------+----------+-------------------------------------------
     0 | D:1      | Monsterracer the Spriggan Hunter began the quest for the Orb.
     0 | D:1      | Reached XP level 1. HP: 10/10 MP: 2/2
   152 | D:1      | Reached skill level 1 in Short Blades
   166 | D:1      | Reached XP level 2. HP: 14/14 MP: 3/3
   878 | D:2      | Noticed a howler monkey
  1175 | D:2      | Reached XP level 3. HP: 18/18 MP: 4/4
  1316 | D:2      | HP: 9/18 [jackal (1)]
  1546 | D:2      | Reached XP level 4. HP: 15/23 MP: 5/5
  2075 | D:2      | Noticed Robin
  2102 | D:2      | HP: 9/23 [leopard gecko (5)]
  2118 | D:1      | HP: 7/23 [leopard gecko (3)]
  2616 | D:2      | HP: 9/23 [Robin/goblin (3)]
  2874 | D:2      | Killed Robin
  3282 | D:3      | Noticed Ijyb
  3348 | D:2      | Reached XP level 5. HP: 14/26 MP: 6/6
  3546 | D:3      | HP: 10/26 [orc wizard/puff of frost (8)]
  3550 | D:3      | Killed from afar by an orc wizard

Skill      XL: |  1  2  3  4 |
---------------+-------------+-----
Short Blades   | 1 2 3 |  3.0
Stealth        | 2 3 |  3.4
Dodging        | 4 |  4.2
Fighting       | 2 |  2.1
Crossbows      | |  4.2

Action                   |  1- 3 |  4- 6 || total
-------------------------+-------+-------++-------
Melee: Short sword       |   139 |   109 ||   248
 Fire: Hand crossbow     |     7 |    24 ||    31
  Use: Scroll            |       |     4 ||     4
 Stab: Sleeping          |     3 |       ||     3
  Eat: Ration            |       |     1 ||     1
Armor: Robe              |    16 |     4 ||    20
Dodge: Dodged            |   133 |    97 ||   230

Vault maps used:
D:1:      erik_arrival_gehennom, hex_intersection
D:2:      uniq_robin
D:3:      first_ration, minmay_goblin_kobold_house, uniq_ijyb
